 Dungeon Crawl Stone Soup version 0.31-a0-188-g5e087ee2ca (webtiles) character file.

Game seed: 13774507800490648736

16 qw the Shooter (level 2, -1/16 HPs)
             Began as a Deep Elf Hunter on June 23, 2023.
             Slain by a kobold
             ... wielding a +0 short sword
              (4 damage)
             ... on level 1 of the Dungeon.
             The game lasted 00:00:12 (594 turns).

qw the Shooter (Deep Elf Hunter)                     Turns: 594, Time: 00:00:12

Health: -1/16      AC:  3    Str: 14    XL:     2   Next: 37%
Magic:  4/4        EV: 12    Int: 13    God:
Gold:   64         SH:  0    Dex: 18    Spells: 1/1 levels left

rFire   . . .        Y - +0 shortbow
rCold   . . .        (shield currently unavailable)
rNeg    . . .        c - +0 leather armour
rPois   .            (no helmet)
rElec   .            (no cloak)
rCorr   .            (no gloves)
SInv    .            (no boots)
Will    .....        (no amulet)
Stlth   ++           f - +6 ring of strength
HPRegen 0.22/turn    (no ring)
MPRegen 0.09/turn

%: no passive effects
@: no status effects
A: no striking features
a: no special abilities


You were on level 1 of the Dungeon.
You visited 1 branch of the dungeon, and saw 2 of its levels.

You collected 64 gold pieces.


   Skills:
 - Level 1.5 Fighting
 + Level 6.2 Ranged Weapons
 - Level 2.4 Dodging
 - Level 1.2 Stealth


You had one spell level left.
You didn't know any spells.
Your spell library was empty.

Inventory:

Hand Weapons
 Y - a +0 shortbow (weapon)
Armour
 c - a +0 leather armour (worn)
Jewellery
 f - a +6 ring of strength (left hand)

Dungeon Overview and Level Annotations

Branches:
Dungeon (2/15)

Altars:


Message History

You shoot an arrow. The arrow barely misses the goblin.
A giant cockroach comes into view.
The jackal closely misses you.
The kobold hits you with a +0 short sword.
The goblin barely misses you.
587 ||| STAIRDANCE The jackal bites you.
The kobold barely misses you. The goblin hits you with a +0 dagger.
The jackal closely misses you. The jackal bites you. The jackal misses you.
You climb upwards.
There is a stone staircase leading down here.
You shoot an arrow. The arrow closely misses the goblin.
The jackal barely misses you. x2
The kobold hits you with a +0 short sword.
The goblin hits you with a +0 dagger.
You shoot an arrow. The arrow closely misses the goblin.
The jackal bites you but does no damage.
The jackal barely misses you. The goblin hits you with a +0 dagger.
The kobold hits you with a +0 short sword.
The jackal closely misses you. x2
You shoot an arrow. The arrow hits the goblin!
You kill the goblin!
The jackal bites you but does no damage. x2
The kobold barely misses you. The jackal misses you.
You shoot an arrow. The arrow closely misses the jackal.
The jackal bites you but does no damage.
The kobold barely misses you.
The jackal bites you but does no damage.
The jackal closely misses you. The kobold hits you but does no damage.
You shoot an arrow.
The arrow hits the jackal but does no damage.
The jackal barely misses you. The jackal misses you.
The jackal barely misses you. The kobold closely misses you.
The jackal completely misses you.
You shoot an arrow.
The arrow hits the jackal but does no damage.
The jackal bites you but does no damage.
The jackal barely misses you.
The kobold hits you with a +0 short sword.
You die...

#..............# #..#.##..
#..............###.##%##..
#.#######.##....##)##'##..
#.# #.._.#.......#...)..
#.# #.........####...##.
#.# #.........# #...##?
#.# ###+#.....# ##...#.
#.##### #h#.##### #...#.
#.....# #@).#########...#.
#.....# #Kh....#........#.
#.....# #......#......###.
#.....# #......+........#>
#...### #......#......#.##
###.# #.####.#......#.#
#.# #.# #.#......#.# #.#
#.####.#......#.#
##.#####....#.#......#.##


You could see 2 jackals and a kobold.

Vanquished Creatures
  A dart slug (D:1)
  An endoplasm (D:1)
  3 goblins (D:1)
  A hobgoblin (D:1)
  A quokka (D:1)
  3 ball pythons (D:1)
  A frilled lizard (D:1)
  2 kobolds (D:1)
  A rat (D:1)
14 creatures vanquished.

Notes
Turn   | Place    | Note
-------+----------+-------------------------------------------
     0 | D:1      | qw the Deep Elf Hunter began the quest for the Orb.
     0 | D:1      | Reached XP level 1. HP: 12/12 MP: 3/3
     0 | D:1      | 0 ||| qw: Version: 0.3-a-9-g12657ce
     0 | D:1      | 0 ||| qw: Game counter: 4305
     0 | D:1      | 0 ||| qw: Always use a shield: true
     0 | D:1      | 0 ||| qw: God list: Okawaru
     0 | D:1      | 0 ||| qw: Allow faded altars: false
     0 | D:1      | 0 ||| qw: Do Orc after D:15 true
     0 | D:1      | 0 ||| qw: Do second Lair branch before Depths: true
     0 | D:1      | 0 ||| qw: Lair rune preference: random
     0 | D:1      | 0 ||| qw: Plans: Normal
     0 | D:1      | 0 ||| PLANNING D:1-11
   321 | D:1      | Found a faded altar of an unknown god.
   326 | D:1      | Reached skill level 6 in Ranged Weapons
   326 | D:1      | Reached XP level 2. HP: 16/16 MP: 4/4
   557 | D:1      | 557 ||| UPGRADING to +6 ring of strength.
   558 | D:1      | 558 ||| READING scroll labelled KUURAO RERE.
   559 | D:1      | 559 ||| READING scroll labelled GOJEYH GIADA.
   560 | D:1      | 560 ||| READING scroll labelled VEDWIU PARYWEC.
   561 | D:1      | 561 ||| DROPPING scroll of butterflies.
   587 | D:2      | 587 ||| STAIRDANCE
   590 | D:1      | HP: 2/16 [kobold/+0 short sword (3)]
   594 | D:1      | Slain by a kobold

Levels and vault maps discovered:
D:1:      kennysheep_arrival_forest, layout_basic, basic_ecumenical_altar
D:2:      layout_rooms

Skill      XL: |  1 |
---------------+----+-----
Ranged Weapons | 6 |  6.2
Fighting       | |  1.5
Dodging        | |  2.4
Stealth        | |  1.2

Action                     || total
---------------------------++-------
   Fire: Shortbow          ||    39
    Use: Scroll            ||     3
 Armour: Leather armour    ||     9
  Dodge: Dodged            ||    27

Table legend:
 A = Non-vault XP
 B = Vault XP
 C = Vault XP percentage of total XP
 D = Non-vault monster count
 E = Vault monster count
 F = Vault count percentage of total count
                 A         B        C        D         E       F
            +---------+---------+-------+---------+---------+-------
      Total |      23 |       0 |   0.0 |      14 |       0 |   0.0
            +---------+---------+-------+---------+---------+-------
        D:1 |      23 |       0 |   0.0 |      14 |       0 |   0.0
            +---------+---------+-------+---------+---------+-------
